 Dungeon Crawl Stone Soup version 0.30.1-4-g462c640d31 (webtiles) character file.

Game seed: 4708875995429368210

430 safid the Chiller (level 6, -5/48 HPs)
             Began as a Merfolk Ice Elementalist on Aug 23, 2023.
             Was a Follower of Vehumet.
             Slain by a mummy (7 damage)
             ... in an ossuary on Aug 25, 2023.
             The game lasted 00:07:07 (4555 turns).

safid the Chiller (Merfolk Ice Elementalist)        Turns: 4555, Time: 00:07:08

Health: -5/48      AC:  8    Str:  9    XL:     6   Next: 99%
Magic:  11/12      EV: 12    Int: 16    God:    Vehumet [*.....]
Gold:   139        SH:  0    Dex: 14    Spells: 6/13 levels left

rFire   . . .        k - +1 whip (pain)
rCold   . . .        (no shield)
rNeg    . . .        a - +0 robe
rPois   .            (no helmet)
rElec   .            (no cloak)
rCorr   .            (no gloves)
SInv    .            (no boots)
Will    .....        (no amulet)
Stlth   ++           (no ring)
HPRegen 0.28/turn    (no ring)
MPRegen 0.13/turn

%: no passive effects
@: ice-armoured
A: (nimble swimmer 2), mertail
a: Renounce Religion


You were in an ossuary.
You worshipped Vehumet.
Vehumet was aware of your devotion.
You visited 1 branch of the dungeon, and saw 5 of its levels.
You also visited: Ossuary.

You collected 197 gold pieces.
You spent 58 gold pieces at shops.

Inventory:

Hand Weapons
 k - a +1 whip of pain (weapon)
Armour
 a - a +0 robe (worn)
Jewellery
 q - a ring of fire
Wands
 d - a wand of flame (22)
Scrolls
 c - 2 scrolls of fog {unknown}
 f - 3 scrolls of identify
 g - a scroll of amnesia {unknown}
 h - 3 scrolls of enchant weapon {unknown}
 i - 4 scrolls of fear {unknown}
 l - a scroll of enchant armour {unknown}
 p - a scroll of butterflies {unknown}
 r - a scroll of brand weapon {unknown}
Potions
 b - 2 potions of magic
 e - a potion of resistance {unknown}
 j - 2 potions of lignification
 m - a potion of invisibility {unknown}
 n - a potion of heal wounds {unknown}
 o - a potion of degeneration {unknown}
 s - a potion of might {unknown}


   Skills:
 + Level 4.1 Fighting
 - Level 2.6 Dodging
 - Level 2.1 Stealth
 + Level 4.1 Spellcasting
 + Level 6.2 Ice Magic


You had 6 spell levels left.
You knew the following spells:

 Your Spells              Type           Power      Damage    Failure   Level
a - Freeze                Ice            92%        1d9       1%          1
b - Frozen Ramparts       Ice            46%        1d7       3%          3
c - Ozocubu's Armour      Ice            23%        N/A       3%          3

Your spell library contained the following spells:

 Spells                   Type           Power      Damage    Failure   Level
 Searing Ray              Conj           6%         2d4       26%         2
 Apportation              Tloc           6%         N/A       17%         1
 Summon Ice Beast         Ice/Summ       13%        N/A       43%         4
 Alistair's Intoxication  Tmut/Pois      2%         N/A       99%         5


Dungeon Overview and Level Annotations

Branches:
Dungeon (5/15)             Temple (0/1) D:4         Ossuary (1/1)

Altars:
Fedhas
Vehumet

Shops:
D:1 [(*   D:2 *


Innate Abilities, Weirdness & Mutations

((You are very nimble when in or above water. (Stealth+, EV+, Speed+++)))
Your lower body shifts to a powerful aquatic tail in water.


Message History

The mummy hits you but does no damage.
You hit the mummy but do no damage.
The mummy is heavily damaged.
You hit the mummy but do no damage.
The mummy is heavily damaged.
The mummy hits you!
You are too injured to fight recklessly!
You are too injured to fight recklessly!
You are too injured to fight recklessly!
You are too injured to fight recklessly!
You are too injured to fight recklessly!
You are too injured to fight recklessly!
You are too injured to fight recklessly!
You are too injured to fight recklessly!
You are too injured to fight recklessly!
You are too injured to fight recklessly!
You are too injured to fight recklessly!
You are too injured to fight recklessly!
You are too injured to fight recklessly!
You are too injured to fight recklessly!
Unknown command.
You hit the mummy but do no damage.
The mummy is heavily damaged.
The mummy barely misses you.
You hit the mummy but do no damage.
The mummy is heavily damaged.
You hit the mummy.
The mummy is severely damaged.
The mummy hits you!
* * * LOW HITPOINT WARNING * * *
You hit the mummy.
The mummy is severely damaged.
The mummy hits you!
* * * LOW HITPOINT WARNING * * *
You barely miss the mummy.
The mummy is severely damaged.
You hit the mummy.
The mummy is severely damaged.
The mummy hits you!
You die...

##################
......∩∩.........#
.................#
##############...#
#...# #...#
#.####...# #...#
#...M@...+####...#
######.∩.....#...#
#.......#...#
#.......#...#
#.####.......#...#
#............#...#
#.####..####.#...#
#.^# #...# #..#
#...#


You could see a mummy.

Vanquished Creatures
  An ogre (D:3)
  2 scorpions
  An orc priest (D:3)
  An iguana (D:3)
  5 adders
  A shadow imp (D:5)
  7 orcs
  2 bats
  7 endoplasms
  5 giant cockroaches
  12 goblins
  9 hobgoblins
  9 jackals
  4 quokkas
  7 ball pythons
  4 hobgoblin zombies (Ossuary)
  13 kobolds
  5 kobold zombies (Ossuary)
  6 orc zombies (Ossuary)
  5 rats
106 creatures vanquished.

Notes
Turn   | Place    | Note
-------+----------+-------------------------------------------
     0 | D:1      | safid the Merfolk Ice Elementalist began the quest for the
                  | Orb.
     0 | D:1      | Reached XP level 1. HP: 13/13 MP: 3/3
   103 | D:1      | Found Noajippo's Antique Weapon Emporium.
   176 | D:1      | Found Urao's General Store.
   193 | D:1      | Reached XP level 2. HP: 17/20 MP: 5/5
   194 | D:1      | Reached skill level 1 in Fighting
   606 | D:1      | Bought a scroll of identify for 22 gold pieces
   890 | D:1      | Found Tuuh's Armour Boutique.
  1049 | D:2      | Reached XP level 3. HP: 26/26 MP: 3/6
  1053 | D:2      | Learned a level 3 spell: Frozen Ramparts
  1527 | D:2      | Reached skill level 5 in Ice Magic
  1527 | D:2      | Reached XP level 4. HP: 20/33 MP: 4/8
  1766 | D:2      | Found Suck's General Store.
  1791 | D:2      | Bought a potion of lignification for 36 gold pieces
  2449 | D:3      | Noticed an ogre
  2458 | D:3      | Killed an ogre
  2459 | D:3      | Reached XP level 5. HP: 7/41 MP: 2/10
  2596 | D:3      | Found a radiant altar of Vehumet.
  2612 | D:3      | Became a worshipper of Vehumet
  3245 | D:3      | Reached XP level 6. HP: 27/47 MP: 6/11
  3456 | D:4      | Reached * piety under Vehumet
  3456 | D:4      | Offered knowledge of Foxfire by Vehumet.
  3574 | D:4      | Found a staircase to the Ecumenical Temple.
  3676 | D:4      | Found a blossoming altar of Fedhas.
  3796 | D:4      | Reached skill level 6 in Ice Magic
  4164 | D:5      | Entered Level 5 of the Dungeon
  4366 | D:5      | Found a sand-covered staircase.
  4371 | Ossuary  | Entered an ossuary
  4394 | Ossuary  | Learned a level 3 spell: Ozocubu's Armour
  4526 | Ossuary  | Offered knowledge of Searing Ray by Vehumet.
  4553 | Ossuary  | HP: 2/48 [mummy (8)]
  4555 | Ossuary  | Slain by a mummy

Illustrated notes

Levels and vault maps discovered:
D:1:      dpeg_arrival_erosion, layout_basic, serial_shops, shop_fountains,
          nicolae_shop_competitors_out_of_business, nicolae_lakefront_shop,
          hex_intersection
D:2:      layout_basic, serial_shops, shop, minmay_misc_feat_plants,
          minivault_4, minmay_crystal_room, columned_hall_lemuel
D:3:      kennysheep_big_flooded_room, layout_loops_ring, vehumet_altar_wand_db,
          st_stairs_14, kennysheep_generic_room_14
D:4:      layout_basic, fedhas_ov_isle_minmay, minmay_temple_entry_junction,
          st_stairs_7, grunt_decor_mini_mirrors, minmay_door_square
D:5:      layout_basic, mainiacjoe_overflow_24_doors, enter_ossuary_2,
          nicolae_shop_overcharged_wands, uniq_blork_the_orc
Ossuary:  ossuary_tomb_1

Skill      XL: |  1  2  3  4  5  6 |
---------------+-------------------+-----
Fighting       | 1 2 3 4 |  4.1
Ice Magic      | 5 6 |  6.2
Spellcasting   | 3 4 |  4.1
Dodging        | |  2.6
Stealth        | |  2.1

Action                     |  1- 3 |  4- 6 || total
---------------------------+-------+-------++-------
  Melee: Dagger            |    69 |     4 ||    73
         Whip              |       |   202 ||   202
         Punch             |       |     2 ||     2
   Cast: Freeze            |    25 |    46 ||    71
         Frozen Ramparts   |     1 |     7 ||     8
         Ozocubu's Armour  |       |     6 ||     6
    Use: Potion            |       |     1 ||     1
   Stab: Sleeping          |     7 |     5 ||    12
         Distracted        |       |     1 ||     1
 Armour: Robe              |    11 |    52 ||    63
         Skin              |       |     3 ||     3
  Dodge: Dodged            |    70 |   143 ||   213
